 Dungeon Crawl Stone Soup version 0.30.0-17-ge0270778cf (webtiles) character file.

Game seed: 7400845766281646469

54 browni3141 the Magician (level 3, -2/26 HPs)
             Began as a Mummy Summoner on May 21, 2023.
             Slain by a gnoll
             ... wielding a +0 spear
              (8 damage)
             ... on level 1 of the Dungeon.
             The game lasted 00:01:52 (805 turns).

browni3141 the Magician (Mummy Summoner)             Turns: 805, Time: 00:01:52

Health: -2/26      AC:  2    Str: 11    XL:     3   Next: 66%
Magic:  8/8        EV: 12    Int: 16    God:
Gold:   57         SH:  0    Dex: 12    Spells: 4/10 levels left

rFire   x . .        h - +1 dagger (venom)
rCold   + . .        (no shield)
rNeg    + + +        a - +0 robe
rPois   ∞            (no helmet)
rElec   .            (no cloak)
rCorr   .            (no gloves)
SInv    .            (no boots)
Will    .....        (no amulet)
Stlth   ++           (no ring)
HPRegen 0.24/turn    (no ring)
MPRegen 0.11/turn

%: faith
@: no status effects
A: cold resistance 1, negative energy resistance 3, torment resistance 2, heat
vulnerability 1, in touch with death 1, no potions, faith
a: no special abilities


You were on level 1 of the Dungeon.
You visited 1 branch of the dungeon, and saw 2 of its levels.

You collected 57 gold pieces.

Inventory:

Hand Weapons
 b - a +0 club
 h - a +1 dagger of venom (weapon)
Armour
 a - a +0 robe (worn)
 f - a +0 tower shield
Wands
 V - a wand of flame (6)
Scrolls
 c - 2 scrolls of identify {unknown}
 d - a scroll of amnesia {unknown}
 e - a scroll of immolation {unknown}
 g - a scroll of teleportation {unknown}
 i - a scroll of blinking {unknown}
 j - a scroll of enchant armour {unknown}


   Skills:
 - Level 1.0 Fighting
 - Level 1.5 Dodging
 - Level 1.5 Stealth
 * Level 4.2 Spellcasting
 + Level 3.6 Summonings


You had 4 spell levels left.
You knew the following spells:

 Your Spells              Type           Power      Damage    Failure   Level
a - Call Canine Familiar  Summ           15%        N/A       11%         3
x - Call Imp              Summ           30%        N/A       5%          2
z - Summon Small Mammal   Summ           60%        N/A       3%          1

Your spell library contained the following spells:

 Spells                   Type           Power      Damage    Failure   Level
 Summon Guardian Golem    Hex/Summ       9%         N/A       24%         3
 Summon Lightning Spire   Summ/Air       9%         N/A       61%         4


Dungeon Overview and Level Annotations

Branches:
Dungeon (2/15)

Altars:

Shops:
D:1 :


Innate Abilities, Weirdness & Mutations

You are immune to poison.
Your flesh is cold resistant. (rC+)
You are immune to negative energy. (rN+++)
You are immune to unholy pain and torment.
You are vulnerable to heat. (rF-)
You are in touch with the powers of death.
You do not drink.
You have a special connection with the divine. (Faith)


Message History

A gnoll is nearby!
A tiny devil pulls itself out of the air.
The gnoll shouts! 2 gnolls come into view.
You swap places.
Your cerulean imp hits the gnoll but does no damage.
You see here a +0 club.
The gnoll hits your cerulean imp with a +0 club.
Your cerulean imp hits the gnoll with a -3 spear.
The gnoll misses your cerulean imp.
Your cerulean imp hits the gnoll but does no damage.
This spell is quite dangerous to cast!
Memorise Call Canine Familiar, consuming 3 spell levels and leaving 3?
The gnoll hits your cerulean imp but does no damage.
Your cerulean imp hits the gnoll but does no damage.
You start memorising the spell.
You continue memorising.
The gnoll closely misses your cerulean imp.
Your cerulean imp hits the gnoll but does no damage.
You continue memorising.
The gnoll hits your cerulean imp with a +0 club.
Your cerulean imp hits the gnoll with a -3 spear.
You continue memorising.
The gnoll hits your cerulean imp with a +0 club.
Your cerulean imp barely misses the gnoll.
You finish memorising.
Spell assigned to 'a'.
Casting: Call Imp (safe; 6% risk of failure)
Confirm with . or Enter, or press ? or * to list all spells.
The spell is quite dangerous to miscast (12% risk of failure)!
Continue anyway?
You miscast Call Canine Familiar.
You are very lightly contaminated with residual magic.
Nothing appears to happen.
The gnoll hits your cerulean imp with a +0 club!
Your cerulean imp dies!
Your cerulean imp disappears in a puff of smoke!
Casting: Call Canine Familiar (quite dangerous; 12% risk of failure)
Confirm with . or Enter, or press ? or * to list all spells.
The spell is quite dangerous to miscast (12% risk of failure)!
Continue anyway?
You miscast Call Canine Familiar.
Nothing appears to happen.
You barely miss the gnoll.
The gnoll is moderately wounded.
The gnoll hits you from afar with a +0 spear.
The gnoll hits you with a +0 club.
You hit the gnoll.
The gnoll is poisoned.
The gnoll is severely wounded.
The gnoll hits you with a +0 club.
The gnoll hits you from afar with a +0 spear!
* * * LOW HITPOINT WARNING * * *
There is a stone staircase leading down here.
You kill the gnoll!
Your Spellcasting skill increases to level 4!
There is a stone staircase leading up here.
The gnoll hits you from afar with a +0 spear.
* * * LOW HITPOINT WARNING * * *
You climb upwards.
There is a stone staircase leading down here.
You start resting.
Your magical contamination has completely faded away.
You start resting.
Magic restored.
You start resting.
HP restored.
You climb downwards.
The gnoll closely misses you. The gnoll hits you but does no damage.
There is a stone staircase leading up here.
The gnoll barely misses you. x2
You climb upwards.
There is a stone staircase leading down here.
Aiming: Throw Flame
Press: ? - help, Shift-Dir - straight line, f - gnoll
Aim: a gnoll, wielding a +0 flail (72% to hit)
The puff of flame hits the gnoll.
The gnoll is moderately wounded.
The gnoll closely misses you. The gnoll hits you with a +0 spear.
Aiming: Throw Flame
Press: ? - help, Shift-Dir - straight line, f/p - gnoll
Aim: a gnoll, wielding a +0 flail (moderately wounded, 72% to hit)
The puff of flame hits the gnoll.
The gnoll is heavily wounded.
The gnoll barely misses you. The gnoll completely misses you.
Aiming: Throw Flame
Press: ? - help, Shift-Dir - straight line, f/p - gnoll
Aim: a gnoll, wielding a +0 flail (heavily wounded, 72% to hit)
The puff of flame hits the gnoll.
The gnoll is almost dead.
The gnoll barely misses you. The gnoll hits you with a +0 spear.
Aiming: Throw Flame
Press: ? - help, Shift-Dir - straight line, f/p - gnoll
Aim: a gnoll, wielding a +0 flail (almost dead, 72% to hit)
The puff of flame hits the gnoll.
You kill the gnoll!
The gnoll hits you with a +0 spear. The gnoll attacks as you move away!
The gnoll hits you with a +0 spear.
* * * LOW HITPOINT WARNING * * *
The gnoll hits you from afar with a +0 spear.
* * * LOW HITPOINT WARNING * * *
The gnoll hits you from afar with a +0 spear.
* * * LOW HITPOINT WARNING * * *
The gnoll hits you but does no damage.
The gnoll hits you from afar with a +0 spear!
You die...

.....###.###.######.#
.....##....#<#......##
#.....#....###.......#
#....................
#...................
######...........#
#..........##
###........##
#.........@#
#..........#
#>).....g..#
#..........#
#.!........#
##........##
##......## ########


You could see a gnoll.

Vanquished Creatures
  2 gnolls
  A dart slug (D:1)
  2 endoplasms (D:2)
  A goblin (D:1)
  2 kobolds
  A ball python (D:1)
  A bat (D:1)
10 creatures vanquished.

Vanquished Creatures (collateral kills)
  A gnoll (D:1)
  4 bats
  An endoplasm (D:1)
  A giant cockroach (D:2)
  A goblin (D:2)
  2 hobgoblins
  3 kobolds
  A rat (D:2)
14 creatures vanquished.

Grand Total: 24 creatures vanquished

Notes
Turn   | Place    | Note
-------+----------+-------------------------------------------
     0 | D:1      | browni3141 the Mummy Summoner began the quest for the Orb.
     0 | D:1      | Reached XP level 1. HP: 13/13 MP: 4/4
    63 | D:1      | Found Ciun's Vocational Training.
    68 | D:1      | Reached skill level 3 in Spellcasting
    68 | D:1      | Reached XP level 2. HP: 19/21 MP: 1/6
    88 | D:1      | Learned a level 2 spell: Call Imp
   396 | D:1      | You fall into a shaft and drop 1 floor!
   513 | D:2      | Gained mutation: You are in touch with the powers of death.
                  | [Mummy growth]
   513 | D:2      | Reached XP level 3. HP: 24/26 MP: 5/8
   687 | D:2      | Learned a level 3 spell: Call Canine Familiar
   696 | D:2      | Reached skill level 4 in Spellcasting
   805 | D:1      | Slain by a gnoll

Illustrated notes

Levels and vault maps discovered:
D:1:      erik_arrival_triangle_large, layout_rooms,
          nicolae_concentric_dashed_squares_wild, roderic_three_in_a_row,
          nicolae_shop_vocational
D:2:      layout_loops_ring

Skill      XL: |  1  2  3 |
---------------+----------+-----
Fighting       | 1 |  1.0
Spellcasting   | 3 4 |  4.2
Dodging        | |  1.5
Stealth        | |  1.5
Summonings     | |  3.6

Action                     || total
---------------------------++-------
  Melee: Club              ||    30
         Dagger            ||    10
         Unarmed           ||     1
   Cast: Summon Small Mamm ||     6
         Call Imp          ||    10
  Evoke: Wand              ||     4
 Armour: Robe              ||    13
  Dodge: Dodged            ||    56
